 Dungeon Crawl Stone Soup version 0.30.0-30-g96aa6591b8 (webtiles) character file.

Game seed: 4068269459683379690

26602 Dadbod the Thaumaturge (level 13, -2/78 HPs)
             Began as a Djinni Fire Elementalist on June 27, 2023.
             Was a High Priest of Makhleb.
             Slain by a water moccasin (4 damage)
             ... on level 3 of the Lair of Beasts.
             The game lasted 01:33:10 (15585 turns).

Dadbod the Thaumaturge (Djinni Fire Elementalist)  Turns: 15585, Time: 01:33:11

Health: -2/78      AC: 11    Str:  9    XL:     13   Next: 59%
Gold:   946        EV: 15    Int: 22    God:    Makhleb [*****.] SH:  0 Dex: 14

rFire   + + +        K - staff of cold "Vusot" {rF+ rC+ Will+ Str+2}
rCold   + + +        (no shield)
rNeg    . . .        W - +4 skin of Zhor {*Englaciate rC+++ SInv}
rPois   ∞            C - +2 helmet
rElec   .            o - +0 cloak {rC+}
rCorr   +            Q - +0 pair of gloves
SInv    +            (boots unavailable)
Will    +++..        l - amulet of the acrobat
Stlth   +++          H - ring of resist corrosion
HPRegen 1.13/turn    s - ring of wizardry
MPRegen 0.00/turn

%: acrobat, wizardry (x1), infuse magic (-3 HP)
@: about to teleport, flying, hasted, very quick
A: sickness immunity, fire resistance 2, cold vulnerability 1, float, innate
caster, HP casting, extra vitality 1, frail 1, strong-willed 1, regeneration 1
a: Renounce Religion, Minor Destruction, Lesser Servant of Makhleb, Major
Destruction, Greater Servant of Makhleb


You were on level 3 of the Lair of Beasts.
You worshipped Makhleb.
Makhleb was extremely pleased with you.
You visited 2 branches of the dungeon, and saw 14 of its levels.
You also visited: Sewer, Ossuary and Ice Cave.

You collected 946 gold pieces.

Inventory:

Hand Weapons
 t - the +5 short sword "Etiu" {flame, rF+ Int+2 Dex+2}
   (You found it on level 5 of the Dungeon)

   Int:       It affects your intelligence (+2).
   Dex:       It affects your dexterity (+2).
   rF:        It protects you from fire.
 E - the +4 whip of Salt {freeze, rElec rN+}
   (You found it on level 8 of the Dungeon)

   rElec:     It insulates you from electricity.
   rN:        It protects you from negative energy.
 X - a +1 broad axe of freezing
Missiles
 b - 6 curare-tipped darts
 c - 3 throwing nets
Armour
 o - a +0 cloak of cold resistance (worn)
 B - a scarf of resistance
 C - a +2 helmet (worn)
 Q - a +0 pair of gloves (worn)
 W - the +4 skin of Zhor (worn) {*Englaciate rC+++ SInv}
   (You found it in an ice cave)

   *Englaciate: It radiates cold, occasionally slowing all nearby creatures who
   are not resistant to cold.
   rC:        It renders you almost immune to cold.
   SInv:      It lets you see invisible.
Magical Staves
 I - the staff of death "Feiluhidd" {rN+ Stlth+}
   (You found it on level 8 of the Dungeon)

   [staff of death]

   Your inability to study Necromancy prevents you from drawing on the full
   power of this staff in melee.
   Base accuracy: +5 Base damage: 5 Base attack delay: 1.2 This weapon's minimum
   attack delay (0.6) is reached at skill level 12.
   rN:        It protects you from negative energy.
   Stlth:     It makes you more stealthy.
   It falls into the 'Staves' category.
   It is a one-handed weapon.
 K - the staff of cold "Vusot" (weapon) {rF+ rC+ Will+ Str+2}
   (You took it off a kobold brigand on level 9 of the Dungeon)

   [staff of cold]

   Your inability to study Ice Magic prevents you from drawing on the full power
   of this staff in melee.
   Base accuracy: +5 Base damage: 5 Base attack delay: 1.2 This weapon's minimum
   attack delay (0.6) is reached at skill level 12.
   Str:       It affects your strength (+2).
   rF:        It protects you from fire.
   rC:        It protects you from cold.
   Will:      It increases your willpower.
   It falls into the 'Staves' category.
   It is a one-handed weapon.
Jewellery
 l - an amulet of the acrobat (around neck)
 s - a ring of wizardry (right hand)
 H - a ring of resist corrosion (left hand)
 S - an amulet of regeneration
Wands
 h - a wand of charming (25)
 i - a wand of polymorph (20)
 x - a wand of digging (8)
 G - a wand of mindburst (10)
 P - a wand of roots (10)
 R - a wand of flame (10)
Scrolls
 a - 6 scrolls of poison
 d - 5 scrolls of enchant armour
 f - 2 scrolls of fog
 g - a scroll of identify
 q - 2 scrolls of immolation
 v - 3 scrolls of vulnerability
 y - 5 scrolls of enchant weapon
 A - 4 scrolls of teleportation
 F - a scroll of torment
 M - a scroll of brand weapon {unknown}
Potions
 e - 3 potions of haste
 j - 5 potions of resistance
 k - 2 potions of flight
 m - 3 potions of invisibility
 n - 5 potions of brilliance
 p - 3 potions of curing
 u - 2 potions of cancellation
 w - 2 potions of might
 z - 2 potions of berserk rage
 D - 2 potions of attraction {unknown}
 O - a potion of heal wounds
 T - a potion of lignification {unknown}
Miscellaneous
 r - a condenser vane
 L - a phantom mirror


   Skills:
 * Level 6.0 Fighting
 + Level 2.5 Armour
 * Level 7.6 Dodging
 * Level 6.4 Stealth
 - Level 0.9 Unarmed Combat
 * Level 13.2 Spellcasting
 * Level 5.9 Invocations
 * Level 5.9 Evocations


You knew the following spells:

 Your Spells              Type           Power      Damage    Failure   Level
a - Foxfire               Conj/Fire      100%       2x1d9     0%          1
b - Scorch                Fire           100%       2d9       1%          2
c - Volatile Blastmotes   Fire/Tloc      100%       2d18      1%          3
d - Inner Flame           Hex/Fire       64%        N/A       1%          3
e - Flame Wave            Conj/Fire      64%        2d15      1%          4
f - Summon Small Mammal   Summ           100%       N/A       0%          1
g - Ensorcelled Hibernat  Hex/Ice        100%       N/A       1%          2
h - Teleport Other        Tloc           64%        N/A       1%          3
i - Manifold Assault      Tloc           64%        N/A       1%          4
j - Animate Dead          Necr           64%        N/A       1%          4
k - Freezing Cloud        Conj/Ice/Air   41%        6-21      1%          5
Your spell library was empty.

Dungeon Overview and Level Annotations

Branches:
Dungeon (10/15)            Temple (0/1) D:7            Lair (4/5) D:8
  Swamp (0/4) Lair:2       Spider (0/4) Lair:2          Orc (0/2) D:10
  Sewer (visited)         Ossuary (visited)           IceCv (visited)
  Slime: Lair:4-5

Altars:
Hepliaklqana
Makhleb
Okawaru
The Shining One
Jiyva

Shops:
D:6 (   D:7 [=

Annotations:
D:1 2 transporters
Lair:1 3 runed translucent doors, Derfel's ghost, journeyman SpEn


Innate Abilities, Weirdness & Mutations

You are immune to sickness and miasma.
You are immune to poison.
Your flesh is very heat resistant. (rF++)
You are vulnerable to cold. (rC-)
You float through the air rather than walking.
You learn spells naturally, not from books.
Your magical power is your life essence.
You have superior vitality. (+4 MHP)
You are frail. (-10% HP)
You are strong-willed. (Will+)
Your natural rate of healing is unusually fast.


Message History

The skyshark is heavily wounded.
The boulder beetle leaps!
Unknown command.
Unknown command.
The boulder beetle curls into a ball and begins rolling!
You radiate an aura of cold.
The electric eel seems to slow down.
There is a stone staircase leading up here.
You fly upwards.
The water moccasin barely misses you.
A blink frog comes into view.
The eight-headed hydra bites you but does no damage.
The eight-headed hydra closely misses you.
The eight-headed hydra barely misses you.
The eight-headed hydra bites you.
The eight-headed hydra bites you but does no damage.
The eight-headed hydra bites you!
* * * LOW HITPOINT WARNING * * *
The eight-headed hydra misses you.
The eight-headed hydra closely misses you.
The water moccasin closely misses you. The blink frog misses you.
The blink frog blinks!
The blink frog moves out of view.
There is a stone staircase leading down, spattered with blood here.
Unknown command.
Unknown command.
Unknown command.
As you read the scroll of teleportation, it crumbles to dust.
You feel strangely unstable.
The death yak bellows!
You hear a bellow! x2
The eight-headed hydra closely misses you.
The eight-headed hydra bites you.
* * * LOW HITPOINT WARNING * * *
The eight-headed hydra misses you.
The eight-headed hydra completely misses you.
The eight-headed hydra bites you.
* * * LOW HITPOINT WARNING * * *
The eight-headed hydra completely misses you.
The eight-headed hydra bites you!
* * * LOW HITPOINT WARNING * * *
The eight-headed hydra barely misses you.
The water moccasin bites you.
You die...

..[....P ##. ......+
.§ #.....# ..
#.....# .# .~
#.....# ..# ~~~
#..Y.### #.##
B~~~#......##F#.#...
.~~~○......S@.......
~~~#......F.D......
#....<..........
#................
#................
##.....#.#.#.##..
#....###..#..# .
#....# .......
....... .... P.


You could see a death yak, an eight-headed hydra, a cane toad, a blink frog and
a water moccasin.

Vanquished Creatures
  3 hydras
  A centaur warrior (D:8)
  3 two-headed ogres
  3 death yaks (D:8)
  2 bog bodies (IceCv)
  A cyclops (D:8)
  A black mamba (Lair:4)
  Maurice (D:10)
  An ice statue (IceCv)
  A cane toad (Lair:2)
  Maggie (Lair:2)
  An anaconda simulacrum (IceCv)
  2 rime drakes (Lair:2)
  7 komodo dragons
  A hornet (D:9)
  3 blink frogs (Lair:1)
  Sigmund (D:5)
  6 wyverns
  A vampire (D:7)
  4 wraiths
  24 yaks
  2 steam dragons
  8 vampire mosquitoes (D:10)
  2 redbacks (Lair:2)
  2 harpy simulacra (IceCv)
  3 hydra simulacra (IceCv)
  2 wargs (D:10)
  3 acid dragons
  12 water moccasins
  5 orc warriors
  2 black bears
  3 sky beasts (D:7)
  A blink frog zombie (Lair:1)
  An ogre (D:8)
  2 centaurs
  A phantom (D:7)
  2 kobold brigands (D:9)
  14 bullfrogs
  A gnoll sergeant (D:10)
  9 two-headed ogre simulacra (IceCv)
  3 cane toad simulacra (IceCv)
  A water moccasin zombie (Ossuary)
  A scorpion (D:6)
  2 elephant simulacra (IceCv)
  5 killer bees
  5 howler monkeys
  7 jellies
  10 orc priests
  5 hounds
  Ijyb (D:4)
  2 hell rats (D:8)
  3 iguanas
  7 orc wizards
  Natasha (thrice) (D:4)
  3 spriggan simulacra (IceCv)
  6 troll simulacra (IceCv)
  3 polar bear simulacra (IceCv)
  2 wolf simulacra (IceCv)
  2 mummies (Ossuary)
  8 gnolls
  7 adders
  6 naga simulacra (IceCv)
  4 river rats
  A shadow imp (D:7)
  9 white imps
  4 ufetubi (IceCv)
  5 adder zombies (Ossuary)
  3 worms
  A dart slug (D:2)
  36 orcs
  5 bats
  10 endoplasms
  12 giant cockroaches
  4 goblins
  9 hobgoblins
  3 jackals (D:5)
  9 kobolds
  5 quokkas
  8 ball pythons
  3 frilled lizards
  4 gnoll zombies (Ossuary)
  7 hobgoblin zombies (Ossuary)
  7 kobold zombies (Ossuary)
  2 orc zombies (Ossuary)
  11 rats
397 creatures vanquished.

Vanquished Creatures (collateral kills)
  A dart slug (D:2)
1 creature vanquished.

Vanquished Creatures (others)
  973 foxfires
973 creatures vanquished.

Grand Total: 1371 creatures vanquished

Notes
Turn   | Place    | Note
-------+----------+-------------------------------------------
     0 | D:1      | Dadbod the Djinni Fire Elementalist began the quest for the
                  | Orb.
     0 | D:1      | Dadbod set off with the following spells memorised:
                  | Foxfire, Scorch, Volatile Blastmotes, Inner Flame, Flame
                  | Wave.
     0 | D:1      | Reached XP level 1. HP: 15/15 MP: 0/0
    38 | D:1      | Reached XP level 2. HP: 13/21 MP: 0/0
   272 | D:1      | Reached skill level 3 in Spellcasting
   278 | D:1      | Reached XP level 3. HP: 13/25 MP: 0/0
   278 | D:1      | Learned a level 1 spell: Summon Small Mammal
  1059 | D:2      | Reached XP level 4. HP: 29/31 MP: 0/0
  1611 | D:3      | Found a glowing drain.
  1641 | Sewer    | Entered a sewer
  1757 | Sewer    | Reached XP level 5. HP: 35/36 MP: 0/0
  1757 | Sewer    | Learned a level 2 spell: Ensorcelled Hibernation
  1882 | Sewer    | Reached skill level 4 in Spellcasting
  1924 | Sewer    | Reached XP level 6. HP: 39/41 MP: 0/0
  1933 | Sewer    | Found a viscous altar of Jiyva.
  2154 | D:3      | Found an iron altar of Okawaru.
  2812 | D:4      | Found a hazy altar of Hepliaklqana.
  2831 | D:4      | Noticed Ijyb
  2838 | D:4      | Killed Ijyb
  3027 | D:4      | Noticed a black bear
  3045 | D:4      | Killed a black bear
  3046 | D:4      | Reached skill level 5 in Spellcasting
  3046 | D:4      | Reached XP level 7. HP: 37/46 MP: 0/0
  3046 | D:4      | Learned a level 3 spell: Teleport Other
  3327 | D:4      | Noticed Natasha
  3330 | D:4      | Killed Natasha
  3339 | D:4      | Noticed Natasha
  3342 | D:4      | Killed Natasha
  3758 | D:4      | Noticed Natasha
  3762 | D:4      | Killed Natasha
  3763 | D:4      | Reached skill level 1 in Fighting
  3798 | D:5      | Entered Level 5 of the Dungeon
  3803 | D:5      | Identified the +5 short sword "Etiu" {flame, rF+ Int+2
                  | Dex+2}
  4038 | D:5      | Noticed a water moccasin
  4042 | D:5      | Killed a water moccasin
  4359 | D:5      | Noticed Sigmund
  4365 | D:5      | Killed Sigmund
  4366 | D:5      | Reached skill level 6 in Spellcasting
  4366 | D:5      | Reached XP level 8. HP: 47/52 MP: 0/0
  4969 | D:6      | You are sucked into a shaft and drop 2 floors!
  5069 | D:8      | Reached skill level 7 in Spellcasting
  5107 | D:8      | Noticed a wraith
  5114 | D:8      | Killed a wraith
  5115 | D:8      | Reached skill level 1 in Evocations
  5115 | D:8      | Reached XP level 9. HP: 53/58 MP: 0/0
  5115 | D:8      | Learned a level 4 spell: Manifold Assault
  5148 | D:8      | Noticed a death yak
  5224 | D:8      | Found a sand-covered staircase.
  5233 | Ossuary  | Entered an ossuary
  5572 | D:7      | Found Guwaozes's Armour Emporium.
  5639 | D:6      | Found Tunaz's Weapon Emporium.
  6256 | D:7      | Found Egaede's Jewellery Shop.
  6374 | D:7      | Found a burning altar of Makhleb.
  6379 | D:7      | Became a worshipper of Makhleb the Destroyer
  6583 | D:7      | Reached skill level 8 in Spellcasting
  6932 | D:7      | Found a staircase to the Ecumenical Temple.
  7084 | D:7      | Reached XP level 10. HP: 50/67 MP: 0/0
  7205 | D:7      | Reached * piety under Makhleb
  7219 | D:7      | Reached skill level 5 in Dodging
  7339 | D:8      | Identified the +4 whip of Salt {freeze, rElec rN+}
  7501 | D:8      | Noticed a death yak
  7502 | D:8      | Noticed a death yak
  7541 | D:8      | Killed a death yak
  7542 | D:8      | Reached skill level 9 in Spellcasting
  7547 | D:8      | Killed a death yak
  7554 | D:8      | Killed a death yak
  7900 | D:8      | Found a staircase to the Lair.
  8088 | D:8      | Noticed a centaur warrior
  8110 | D:8      | Noticed a deep elf pyromancer
  8115 | D:8      | Killed a centaur warrior
  8116 | D:8      | Reached XP level 11. HP: 43/73 MP: 0/0
  8116 | D:8      | Learned a level 4 spell: Animate Dead
  8246 | D:8      | Noticed a cyclops
  8339 | D:8      | Identified the staff of death "Feiluhidd" {rN+ Stlth+}
  8371 | D:9      | Gained mutation: Your muscles are strong. (Str +4, Int/Dex
                  | -1) [potion of mutation]
  8690 | D:9      | Reached skill level 10 in Spellcasting
  9195 | D:9      | Identified the staff of cold "Vusot" {rF+ rC+ Will+ Str+2}
  9201 | D:9      | Reached ** piety under Makhleb
  9202 | D:9      | Reached skill level 5 in Stealth
  9369 | D:9      | Noticed a two-headed ogre
  9522 | D:9      | Noticed a two-headed ogre
  9527 | D:9      | Killed a two-headed ogre
  9815 | D:9      | Killed a two-headed ogre
 10269 | D:10     | Entered Level 10 of the Dungeon
 10308 | D:10     | Noticed a two-headed ogre
 10472 | D:10     | Reached skill level 11 in Spellcasting
 10939 | D:10     | Reached XP level 12. HP: 56/79 MP: 0/0
 11083 | D:10     | Killed a two-headed ogre
 11250 | D:10     | Noticed Maurice
 11526 | D:10     | Killed Maurice
 11661 | D:10     | Found a staircase to the Orcish Mines.
 12147 | Lair:1   | Entered Level 1 of the Lair of Beasts
 12155 | Lair:1   | Reached skill level 5 in Fighting
 12155 | Lair:1   | Reached skill level 1 in Armour
 12332 | Lair:1   | Reached *** piety under Makhleb
 12339 | Lair:1   | Noticed an eight-headed hydra
 12342 | Lair:1   | Reached skill level 5 in Invocations
 12343 | Lair:1   | Found a runed translucent gate.
 12349 | Lair:1   | Killed an eight-headed hydra
 12434 | Lair:1   | Found a runed translucent gate.
 12435 | Lair:1   | Found a runed translucent gate.
 12435 | Lair:1   | Noticed Derfel's ghost (journeyman SpEn)
 12435 | Lair:1   | Noticed a great orb of eyes
 12444 | Lair:1   | Found a viscous altar of Jiyva.
 12487 | Lair:1   | Reached skill level 12 in Spellcasting
 12996 | Lair:1   | Found a glowing golden altar of the Shining One.
 13371 | Lair:2   | Found a frozen archway.
 13375 | Lair:2   | Reached skill level 5 in Evocations
 13375 | Lair:2   | Noticed Maggie
 13380 | IceCv    | Entered an ice cave
 13760 | IceCv    | Reached **** piety under Makhleb
 14155 | IceCv    | Lost mutation: Your muscles are strong. (Str +4, Int/Dex
                  | -1) [potion of mutation]
 14155 | IceCv    | Gained mutation: You are partially covered in iridescent
                  | scales. (AC +2) [potion of mutation]
 14155 | IceCv    | Gained mutation: You have a pair of small horns on your
                  | head. [potion of mutation]
 14156 | IceCv    | Lost mutation: You are partially covered in iridescent
                  | scales. (AC +2) [potion of mutation]
 14156 | IceCv    | Lost mutation: You have a pair of small horns on your head.
                  | [potion of mutation]
 14156 | IceCv    | Gained mutation: You are strong-willed. (Will+) [potion of
                  | mutation]
 14156 | IceCv    | Gained mutation: You sometimes lose your temper in combat.
                  | [potion of mutation]
 14156 | IceCv    | Gained mutation: You are frail. (-10% HP) [potion of
                  | mutation]
 14157 | IceCv    | Lost mutation: You sometimes lose your temper in combat.
                  | [potion of mutation]
 14157 | IceCv    | Lost mutation: You are strong-willed. (Will+) [potion of
                  | mutation]
 14157 | IceCv    | Gained mutation: You are agile. (Dex +4, Str/Int -1)
                  | [potion of mutation]
 14157 | IceCv    | Gained mutation: You are strong-willed. (Will+) [potion of
                  | mutation]
 14157 | IceCv    | Gained mutation: You are weak. (Str -2) [potion of
                  | mutation]
 14158 | IceCv    | Lost mutation: You are agile. (Dex +4, Str/Int -1) [potion
                  | of mutation]
 14158 | IceCv    | Lost mutation: You are weak. (Str -2) [potion of mutation]
 14158 | IceCv    | Gained mutation: Your natural rate of healing is unusually
                  | fast. [potion of mutation]
 14203 | IceCv    | Reached XP level 13. HP: 64/77 MP: 0/0
 14203 | IceCv    | Learned a level 5 spell: Freezing Cloud
 14357 | IceCv    | Found the +4 skin of Zhor {*Englaciate rC+++ SInv}
 14386 | IceCv    | Identified the +2 hand axe of the Present {freeze, rC+}
 14598 | Lair:2   | Killed Maggie
 14643 | Lair:2   | Reached ***** piety under Makhleb
 14666 | Lair:2   | Found a hole to the Spider Nest.
 14700 | Lair:2   | Found a staircase to the Swamp.
 14747 | Lair:2   | Reached skill level 13 in Spellcasting
 15538 | Lair:3   | Noticed an eight-headed hydra
 15548 | Lair:3   | Killed an eight-headed hydra
 15549 | Lair:3   | Noticed an eight-headed hydra
 15562 | Lair:4   | Noticed a five-headed hydra
 15577 | Lair:4   | Killed a five-headed hydra
 15585 | Lair:3   | HP: 2/78 [eight-headed hydra (8)]
 15585 | Lair:3   | Slain by a water moccasin

Illustrated notes

Levels and vault maps discovered:
D:1:      spicycebolla_arrival_transporter_tutorial, layout_loops_ring
D:2:      layout_rooms, minmay_door_square
D:3:      layout_loops_ring, okawaru_altar_gauntlet_db, gup_sewer_entry_glass
D:4:      layout_cave_pods, kennysheep_mini_moat, minivault_26, uniq_natasha,
          uniq_ijyb
D:5:      layout_basic, uniq_sigmund
D:6:      layout_loops_cross, serial_shops, nicolae_shop_waterfront,
          uniq_prince_ribbit1
D:7:      minmay_octagon_keep, layout_rooms, mainiacjoe_overflow_cross_hatched,
          minmay_temple_entry_nine_rooms, serial_shops, nicolae_stop_n_shop_1,
          shop, kennysheep_generic_room_12
D:8:      layout_layer_cave, mainiacjoe_overflow_small_starburst,
          dpeg_lair_monsters, nicolae_ossuary_entry_ruins, grunt_ogre_cave,
          amethyst_killhole, minivault_11, minmay_diamond_spiral
D:9:      layout_basic, minmay_alternating_orb
D:10:     layout_loops_ring, erik_orc_4, uniq_maurice
Lair:1:   layout_gridlike, basic_altar, gammafunk_ghost_ooze, lemuel_fruit_tree,
          infiniplex_staircase_pool
Lair:2:   layout_cave_pods, swamp_mist, spider_nest_entry_a,
          portal_ice_cave_rime, chequers_serial_rivers_micro_e,
          chequers_serial_rivers_large_b, lemuel_fruit_fields, uniq_maggie
Lair:3:   layout_regular_city, wad_woods_river_02,
          hellmonk_guarded_unrand_seven_league_boots
Lair:4:   layout_gridlike, serial_bayou_ford_a, minivault_24,
          lemuel_fruit_fields

Skill      XL: |  1  2  3  4  5  6  7  8  9 10 11 12 13 |
---------------+----------------------------------------+-----
Spellcasting   | 3 4 5 6 7 8 9 11 12 13 | 13.2
Stealth        | 2 3 4 5 6 |  6.4
Dodging        | 3 4 5 6 7 |  7.6
Fighting       | 1 3 4 5 6 |  6.0
Evocations     | 1 2 3 4 5 |  5.9
Invocations    | 2 3 4 5 |  5.9
Armour         | 2 |  2.5
Unarmed Combat | |  0.9

Action                     |  1- 3 |  4- 6 |  7- 9 | 10-12 | 13-15 || total
---------------------------+-------+-------+-------+-------+-------++-------
  Melee: Unarmed           |    20 |     8 |       |       |       ||    28
         Punch             |     1 |       |       |       |       ||     1
         Short sword       |       |       |     3 |       |       ||     3
         Staff             |       |       |       |     8 |       ||     8
   Cast: Foxfire           |    49 |   105 |   151 |   231 |    41 ||   577
         Volatile Blastmot |       |     1 |     4 |    13 |       ||    18
         Inner Flame       |       |     4 |    29 |    93 |    32 ||   158
         Flame Wave        |       |     1 |     4 |    47 |    28 ||    80
         Summon Small Mamm |       |       |       |     4 |     2 ||     6
         Teleport Other    |       |       |       |     1 |       ||     1
         Animate Dead      |       |       |       |     3 |       ||     3
  Evoke: Wand              |       |       |     3 |     2 |       ||     5
         Phantom mirror    |       |       |       |     1 |       ||     1
    Use: Scroll            |     1 |     6 |     8 |    10 |     2 ||    27
         Potion            |       |       |       |    13 |     3 ||    16
 Armour: Robe              |     4 |     3 |     5 |     4 |       ||    16
         Acid dragon scale |       |       |       |    14 |     2 ||    16
         Animal skin       |       |       |       |       |     9 ||     9
  Dodge: Dodged            |    29 |    13 |    37 |    93 |    35 ||   207
